 Dungeon Crawl Stone Soup version 0.19.5 (webtiles) character file.

70 doot the Skirmisher (level 4, 0/35 HPs)
             Began as a Demonspawn Abyssal Knight on May 7, 2017.
             Was a Believer of Lugonu.
             Slain by Natasha (7 damage)
             ... on level 2 of the Dungeon.
             The game lasted 00:07:38 (1785 turns).

doot the Skirmisher (Demonspawn Abyssal Knight)     Turns: 1785, Time: 00:07:39

Health: 0/35       AC:  3    Str: 12    XL:     4   Next: 4%
Magic:  6/6        EV: 11    Int: 13    God:    Lugonu [**....]
Gold:   13         SH:  0    Dex: 14    Spells: 0 memorised, 3 levels left

rFire  . . .     SeeInvis .     a - +1 hand axe
rCold  + . .     Gourm    .     b - +0 leather armour
rNeg   . . .     Faith    .     (no shield)
rPois  .         Spirit   .     (no helmet)
rElec  .         Reflect  .     (no cloak)
rCorr  .         Harm     .     (no gloves)
MR     .....                    (no boots)
Stlth  +.........               (no amulet)
                                (no ring)
                                (no ring)

@: no status effects
A: cold resistance 1, demonic guardian 1
a: Depart the Abyss, Bend Space, Renounce Religion


You were on level 2 of the Dungeon.
You worshipped Lugonu.
Lugonu was pleased with you.
You were not hungry.

You visited 1 branch of the dungeon, and saw 2 of its levels.
You visited the Abyss 1 time.

You collected 13 gold pieces.

Inventory:

Hand Weapons
 a - a +1 hand axe (weapon)
Missiles
 h - 6 javelins of penetration (quivered)
Armour
 b - a +0 leather armour (worn)
Scrolls
 d - a scroll of remove curse {unknown}
 e - a scroll of noise {unknown}
 f - a scroll of identify {unknown}
 j - a scroll of amnesia {unknown}
 k - a scroll of random uselessness {unknown}
Potions
 i - a potion of degeneration {unknown}
 l - a potion of lignification {unknown}
Comestibles
 c - 2 bread rations
 g - 2 chunks of flesh


   Skills:
 + Level 3.4 Fighting
 + Level 3.0 Axes
 + Level 2.1 Armour
 + Level 1.1 Dodging
 + Level 0.6 Stealth
 + Level 2.7 Invocations


You had 3 spell levels left.
You didn't know any spells.

Dungeon Overview and Level Annotations

Branches:
Dungeon (2/15)

Altars:
Ashenzari
Xom

Annotations:
D:2 Natasha


Innate Abilities, Weirdness & Mutations

Your flesh is cold resistant. (rC+)
A weak demonic guardian rushes to your aid.


Message History

The magic dart hits you!
Your iron imp barely misses Natasha.
A giant cockroach comes into view.
Natasha claws you but does no damage.
Your iron imp misses Natasha.
You barely miss Natasha. Natasha misses you.
Your iron imp barely misses Natasha.
You hit Natasha but do no damage. Natasha claws you.
Your iron imp hits Natasha.
You barely miss Natasha.
Natasha is moderately wounded.
Natasha claws you!
The giant cockroach barely misses your iron imp.
You hit Natasha but do no damage.
Natasha is moderately wounded.
Natasha casts a spell at you. The magic dart hits you!
* * * LOW HITPOINT WARNING * * *
Your iron imp hits Natasha but does no damage.
The giant cockroach bites your iron imp.
Natasha claws you!
You die...

#####..........
#.#.###.## ..
#.#.###.## ..#
#.#..##.. ...
#.##.##.# ##.###
#.##.##.##.....#
#.......#.s.....
####.##.#5......
#.##.@h.._...
#.##.#.......
#.##.#.......
...#.##.....#
.....# ##.### ..
#.. ... ### ###


You could see Natasha, a giant cockroach and a friendly iron imp.

Vanquished Creatures
  An adder (D:2)
  A worm (D:2)
  A dart slug (D:1)
  4 leopard geckos
  2 bats
  A giant cockroach (D:1)
  6 goblins
  13 hobgoblins
  3 jackals (D:1)
  5 frilled lizards
  6 kobolds
  2 rats (D:1)
45 creatures vanquished.

Vanquished Creatures (collateral kills)
  A hobgoblin (D:2)
1 creature vanquished.

Grand Total: 46 creatures vanquished

Notes
Turn   | Place    | Note
-------+----------+-------------------------------------------
     0 | Abyss:1  | doot the Demonspawn Abyssal Knight began the quest for the Orb.
     0 | Abyss:1  | Reached XP level 1. HP: 18/18 MP: 2/2
    13 | D:1      | Escaped the Abyss
    91 | D:1      | Gained mutation: A weak demonic guardian rushes to your aid. [demonic ancestry]
    91 | D:1      | Reached XP level 2. HP: 9/24 MP: 3/3
   410 | D:1      | Reached ** piety under Lugonu
   652 | D:1      | Found a shattered altar of Ashenzari.
   789 | D:1      | Gained mutation: Your flesh is cold resistant. (rC+) [demonic ancestry]
   789 | D:1      | Reached XP level 3. HP: 19/29 MP: 5/5
  1348 | D:1      | You fall through a shaft!
  1355 | D:2      | Reached skill level 1 in Dodging
  1727 | D:2      | Reached XP level 4. HP: 35/35 MP: 6/6
  1770 | D:2      | Noticed Natasha
  1771 | D:2      | Found a shimmering altar of Xom.
  1785 | D:2      | Slain by Natasha

Skill      XL: |  1  2  3 |
---------------+----------+-----
Axes           | 2 3 |  3.0
Armour         | 2 |  2.1
Dodging        | 1 |  1.1
Fighting       | |  3.4
Stealth        | |  0.6
Invocations    | |  2.7

Action                   |  1- 3 |  4- 6 || total
-------------------------+-------+-------++-------
Melee: Hand axe          |   141 |    11 ||   152
Throw: Javelin           |     5 |       ||     5
  Eat: Chunk             |     3 |       ||     3
Armor: Leather armour    |    49 |     2 ||    51
Dodge: Dodged            |    76 |     4 ||    80
